AoeStats
← TheQuietRiot

Arabia

508712517Analyzed
1v1 RM · 8d ago on Sep 23, 2026· 51m 59s· 2 players
Game mode
Random Map
Map size
Tiny (2 player)
Population
200
Speed
Normal
Resources
Standard
Victory
Conquest
Starting age
Dark Age
Ending age
Imperial Age
RankedLock teamsTeams togetherTeam positionsShared explorationLock speedFull tech treeHidden civsTurbo modeCheats
Victory
Defeat
🇬🇧 Saxons · United Kingdom
971
+16
🇦🇷 Franks · Argentina
964
-16
chifi
6:49 Loom
9:08 Feudal Age
10:54 Double-Bit Axe
22:11 Castle Age
20:28 Gold Mining
25:32 Scale Barding Armor
29:43 Chain Barding Armor
31:29 Forging
33:34 Husbandry
34:27 Wheelbarrow
40:47 Imperial Age
40:11 Iron Casting
40:53 Cavalier
41:58 Conscription
42:15 Plate Barding Armor
42:44 Blast Furnace
42:49 Elite Skirmisher
45:22 Fletching
48:06 Bodkin Arrow
TheQuietRiot
9:56 Feudal Age
8:42 Loom
11:07 Double-Bit Axe
16:36 Castle Age
19:28 Bow Saw
22:25 Wheelbarrow
28:01 Hand Cart
29:14 Forging
29:05 Scale Mail Armor
30:54 Iron Casting
33:22 Horse Collar
34:04 Squires
34:23 Chain Mail Armor
34:39 Gold Mining
35:44 Town Watch
39:32 Imperial Age
36:52 Town Watch
38:04 Gambesons
39:51 Ballistics
41:52 Conscription
41:31 Onager
43:52 Town Patrol
43:46 Elite Varangian Guard
45:36 Elite Hearth Troop
47:30 Fortified Wall
47:27 Siege Engineers
47:32 Masonry
47:04 Treadmill Crane
48:25 Chemistry
53:09 Plate Mail Armor
Connection lost

Rejoining the realm…

Still unreachable

The connection could not be restored.

Session expired

The server has moved on; the page needs a fresh start.